[ AOE2 MATCH · #482581699 ]
Team RMMongols vs Goths
[ REPLAY ANALYSIS · EXTRACTED FROM THE RECORDED GAME ]
Feudal
12:16
Castle
15:53
Imperial
—
| APM avg | 53.1 |
| APM peak | 103 |
| eAPM avg | 17.1 |
| Villagers / military | 46 / 12 |
Focus
⚔️ 36.7% · 🌾 63.3%
Mangudai ×12
Feudal
11:25
Castle
16:58
Imperial
—
| APM avg | 37.5 |
| APM peak | 94 |
| eAPM avg | 20.7 |
| Villagers / military | 34 / 10 |
Focus
⚔️ 27.7% · 🌾 72.3%
Gbeto ×9 · Mangonel ×1
Feudal
10:44
Castle
—
Imperial
—
| APM avg | 22.4 |
| APM peak | 34 |
| eAPM avg | 13.9 |
| Villagers / military | 44 / 22 |
Focus
⚔️ 14.1% · 🌾 85.9%
Militia ×18 · Skirmisher ×4
Feudal
11:32
Castle
22:19
Imperial
—
| APM avg | 18.1 |
| APM peak | 37 |
| eAPM avg | 10.8 |
| Villagers / military | 33 / 18 |
Focus
⚔️ 23.3% · 🌾 76.7%
Archer ×18
Match map
Resources at game start + every placement click. Thick line = wall · dashed box = detected house wall. 🟡 gold · ⚪ stone · 🟢 berries · 🔶 boar · ⭕ relic
Inputs per minute
— loputogelote - - ELBIO
Build order — loputogelote
103 actions detected in the replay
| 0:01 | Create | Villager (Male) |
| 0:01 | Create | Villager (Male) |
| 0:01 | Create | Villager (Male) |
| 0:02 | Build | House |
| 0:04 | Build | House |
| 1:04 | Create | Villager (Male) |
| 1:04 | Create | Villager (Male) |
| 1:41 | Research | Loom |
| 1:58 | Create | Villager (Male) |
| 1:59 | Create | Villager (Male) |
| 2:28 | Create | Villager (Male) |
| 2:28 | Create | Villager (Male) |
| 2:50 | Create | Villager (Male) |
| 2:50 | Create | Villager (Male) |
| 3:26 | Create | Villager (Male) |
| 3:26 | Create | Villager (Male) |
| 3:43 | Create | Villager (Male) |
| 4:04 | Create | Villager (Male) |
| 4:05 | Create | Villager (Male) |
| 4:25 | Build | House |
| 4:27 | Build | Lumber Camp |
| 4:53 | Create | Villager (Male) |
| 4:53 | Create | Villager (Male) |
| 5:24 | Create | Villager (Male) |
| 5:24 | Create | Villager (Male) |
| 5:24 | Create | Villager (Male) |
| 5:24 | Create | Villager (Male) |
| 5:25 | Create | Villager (Male) |
| 6:09 | Create | Villager (Male) |
| 6:09 | Create | Villager (Male) |
| 6:19 | Build | Palisade Wall |
| 6:55 | Build | Palisade Wall |
| 7:10 | Build | House |
| 8:08 | Build | Palisade Wall |
| 8:13 | Build | Mill |
| 8:15 | Create | Villager (Male) |
| 8:40 | Create | Villager (Male) |
| 9:09 | Create | Villager (Male) |
| 9:31 | Create | Villager (Male) |
| 9:35 | Build | Mining Camp |
| 10:06 | Research | Feudal Age |
| 10:14 | Build | House |
| 10:58 | Build | Mining Camp |
| 11:53 | Create | Villager (Male) |
| 11:53 | Create | Villager (Male) |
| 12:16 | Age | Feudal Age |
| 12:22 | Build | Market |
| 12:26 | Build | Blacksmith |
| 13:13 | Research | Castle Age |
| 13:22 | Build | Stone Wall |
| 13:47 | Research | Double-Bit Axe |
| 14:21 | Build | House |
| 15:53 | Age | Castle Age |
| 15:54 | Create | Villager (Male) |
| 16:26 | Build | Castle |
| 16:28 | Create | Villager (Male) |
| 16:50 | Research | Horse Collar |
| 16:51 | Research | Bow Saw |
| 16:52 | Create | Villager (Male) |
| 17:06 | Build | Palisade Wall |
| 17:14 | Create | Villager (Male) |
| 17:18 | Build | Farm |
| 17:20 | Build | Farm |
| 17:24 | Build | Farm |
| 17:27 | Build | Farm |
| 17:35 | Build | Farm |
| 17:42 | Create | Villager (Male) |
| 17:57 | Create | Mangudai |
| 18:09 | Create | Mangudai |
| 18:12 | Research | Fletching |
| 18:12 | Create | Villager (Male) |
| 18:18 | Build | Farm |
| 18:19 | Build | Farm |
| 18:31 | Create | Mangudai |
| 18:32 | Create | Villager (Male) |
| 18:58 | Create | Villager (Male) |
| 19:04 | Build | Lumber Camp |
| 19:15 | Create | Villager (Male) |
| 19:28 | Research | Padded Archer Armor |
| 19:33 | Create | Mangudai |
| 19:33 | Create | Mangudai |
| 19:38 | Create | Villager (Male) |
| 19:42 | Build | Farm |
| 19:49 | Create | Mangudai |
| 20:05 | Create | Mangudai |
| 20:15 | Create | Villager (Male) |
| 20:48 | Create | Villager (Male) |
| 20:54 | Research | Bodkin Arrow |
| 20:54 | Research | Bodkin Arrow |
| 21:08 | Build | Farm |
| 21:09 | Build | Farm |
| 21:09 | Build | Farm |
| 21:09 | Build | Farm |
| 21:09 | Build | Farm |
| 21:37 | Create | Mangudai |
| 21:37 | Create | Mangudai |
| 21:38 | Create | Villager (Male) |
| 21:43 | Build | House |
| 21:54 | Create | Villager (Male) |
| 21:56 | Create | Mangudai |
| 22:20 | Create | Mangudai |
| 22:20 | Create | Mangudai |
| 22:22 | Create | Villager (Male) |
Build order — ELBIO
79 actions detected in the replay
| 0:01 | Create | Villager (Male) |
| 0:02 | Build | House |
| 0:03 | Build | House |
| 0:25 | Create | Villager (Male) |
| 0:26 | Create | Villager (Male) |
| 0:34 | Research | Loom |
| 0:53 | Create | Villager (Male) |
| 0:53 | Create | Villager (Male) |
| 0:54 | Create | Villager (Male) |
| 1:14 | Build | Palisade Wall |
| 1:57 | Build | Lumber Camp |
| 2:00 | Create | Villager (Male) |
| 2:40 | Create | Villager (Male) |
| 3:43 | Create | Villager (Male) |
| 3:44 | Create | Villager (Male) |
| 3:47 | Create | Villager (Male) |
| 4:13 | Create | Villager (Male) |
| 5:05 | Create | Villager (Male) |
| 5:08 | Build | House |
| 5:15 | Create | Villager (Male) |
| 5:15 | Create | Villager (Male) |
| 5:33 | Build | Mill |
| 6:06 | Create | Villager (Male) |
| 6:32 | Create | Villager (Male) |
| 6:51 | Create | Villager (Male) |
| 7:01 | Build | House |
| 7:23 | Build | House |
| 7:32 | Create | Villager (Male) |
| 7:43 | Build | Mining Camp |
| 7:55 | Create | Villager (Male) |
| 8:23 | Create | Villager (Male) |
| 9:15 | Research | Feudal Age |
| 9:15 | Research | Feudal Age |
| 10:59 | Build | House |
| 11:02 | Build | House |
| 11:05 | Build | House |
| 11:16 | Create | Villager (Male) |
| 11:25 | Age | Feudal Age |
| 11:27 | Create | Villager (Male) |
| 11:51 | Build | Market |
| 11:58 | Build | Blacksmith |
| 12:10 | Create | Villager (Male) |
| 12:30 | Build | Mining Camp |
| 13:04 | Create | Villager (Male) |
| 13:35 | Build | Watch Tower |
| 13:42 | Build | House |
| 13:46 | Build | House |
| 14:03 | Build | House |
| 14:18 | Research | Castle Age |
| 14:18 | Research | Castle Age |
| 16:16 | Build | House |
| 16:43 | Create | Villager (Male) |
| 16:58 | Age | Castle Age |
| 17:02 | Create | Villager (Male) |
| 17:28 | Build | Castle |
| 17:34 | Create | Villager (Male) |
| 17:47 | Build | Lumber Camp |
| 17:49 | Create | Villager (Male) |
| 18:22 | Create | Villager (Male) |
| 18:41 | Create | Gbeto |
| 18:41 | Create | Gbeto |
| 18:56 | Build | Farm |
| 18:57 | Create | Villager (Male) |
| 19:33 | Create | Villager (Male) |
| 19:42 | Create | Gbeto |
| 19:43 | Create | Gbeto |
| 19:57 | Build | Siege Workshop |
| 20:08 | Build | Farm |
| 20:08 | Build | Farm |
| 20:08 | Build | Farm |
| 20:08 | Build | Farm |
| 20:10 | Create | Villager (Male) |
| 20:16 | Create | Gbeto |
| 20:16 | Create | Gbeto |
| 20:49 | Create | Mangonel |
| 21:18 | Create | Gbeto |
| 21:18 | Create | Gbeto |
| 21:19 | Create | Gbeto |
| 22:26 | Create | Villager (Male) |
Build order — FPP
129 actions detected in the replay
| 0:01 | Create | Villager (Male) ×4 |
| 0:02 | Build | House |
| 0:04 | Build | House |
| 0:11 | Research | Loom |
| 1:40 | Create | Villager (Male) |
| 1:56 | Build | Lumber Camp |
| 2:07 | Build | Lumber Camp |
| 2:19 | Create | Villager (Male) |
| 2:19 | Create | Villager (Male) |
| 2:19 | Create | Villager (Male) |
| 2:57 | Create | Villager (Male) |
| 3:23 | Create | Villager (Male) |
| 3:41 | Build | House |
| 3:44 | Create | Villager (Male) |
| 4:05 | Create | Villager (Male) |
| 4:33 | Create | Villager (Male) |
| 5:14 | Create | Villager (Male) |
| 5:22 | Build | House |
| 5:29 | Create | Villager (Male) |
| 5:52 | Create | Villager (Male) |
| 6:13 | Create | Villager (Male) |
| 6:46 | Create | Villager (Male) |
| 7:13 | Create | Villager (Male) |
| 7:43 | Create | Villager (Male) |
| 7:50 | Build | Mill |
| 8:02 | Create | Villager (Male) |
| 8:26 | Research | Feudal Age |
| 8:42 | Build | Mining Camp |
| 8:57 | Build | Mining Camp |
| 9:13 | Build | House |
| 9:32 | Create | Villager (Male) |
| 9:33 | Create | Villager (Male) |
| 9:41 | Build | Barracks |
| 10:03 | Build | House |
| 10:44 | Age | Feudal Age |
| 10:48 | Research | Double-Bit Axe |
| 10:50 | Create | Militia |
| 10:51 | Create | Militia |
| 10:51 | Create | Militia |
| 10:53 | Create | Militia |
| 10:54 | Create | Militia |
| 11:11 | Build | Palisade Gate |
| 11:13 | Build | Palisade Wall |
| 11:15 | Build | House |
| 11:20 | Create | Villager (Male) |
| 11:27 | Research | Man-at-Arms (upgrade) |
| 11:37 | Create | Villager (Male) |
| 11:57 | Build | Blacksmith |
| 12:06 | Build | Farm |
| 12:12 | Build | Farm |
| 12:14 | Create | Villager (Male) |
| 12:19 | Create | Militia |
| 12:19 | Create | Militia |
| 12:21 | Create | Militia |
| 12:27 | Create | Militia |
| 12:27 | Create | Militia |
| 12:34 | Build | House |
| 12:44 | Build | House |
| 12:47 | Build | House |
| 12:49 | Create | Villager (Male) |
| 12:51 | Research | Horse Collar |
| 13:14 | Create | Villager (Male) |
| 13:20 | Build | Farm |
| 13:31 | Create | Militia |
| 13:32 | Create | Villager (Male) |
| 13:41 | Build | Farm |
| 13:47 | Build | Farm |
| 14:04 | Create | Militia |
| 14:04 | Create | Villager (Male) |
| 14:11 | Build | Farm |
| 14:16 | Build | Farm |
| 14:19 | Build | Farm |
| 14:27 | Create | Villager (Male) |
| 14:42 | Build | Lumber Camp |
| 14:44 | Create | Villager (Male) |
| 15:07 | Research | Scale Mail Armor |
| 15:22 | Create | Villager (Male) |
| 15:24 | Create | Villager (Male) |
| 15:34 | Research | Forging |
| 15:36 | Create | Militia |
| 15:53 | Build | Farm |
| 15:55 | Build | Farm |
| 15:57 | Build | Farm |
| 16:00 | Create | Villager (Male) |
| 16:32 | Create | Villager (Male) |
| 16:45 | Build | Farm |
| 16:46 | Build | Farm |
| 16:50 | Create | Villager (Male) |
| 17:06 | Build | Mill |
| 17:07 | Build | Farm |
| 17:08 | Build | Farm |
| 17:08 | Build | Farm |
| 17:09 | Build | Farm |
| 17:10 | Build | Farm |
| 17:10 | Build | Farm |
| 17:11 | Build | Farm |
| 17:12 | Build | Farm |
| 17:13 | Build | Farm |
| 17:20 | Build | Market |
| 17:24 | Create | Villager (Male) |
| 17:31 | Create | Villager (Male) |
| 17:55 | Build | House |
| 17:56 | Build | House |
| 18:03 | Create | Villager (Male) |
| 18:30 | Create | Villager (Male) |
| 18:51 | Create | Villager (Male) |
| 19:09 | Build | Farm |
| 19:10 | Build | Farm |
| 19:11 | Build | Farm |
| 19:13 | Build | Farm |
| 19:14 | Build | Farm |
| 19:15 | Build | Farm |
| 19:19 | Build | Farm |
| 19:23 | Build | Farm |
| 19:30 | Create | Villager (Male) |
| 19:37 | Create | Militia |
| 19:37 | Create | Militia |
| 19:38 | Create | Militia |
| 19:43 | Create | Villager (Male) |
| 19:46 | Build | Archery Range |
| 20:20 | Research | Castle Age |
| 20:24 | Create | Skirmisher ×2 |
| 20:33 | Create | Militia |
| 20:33 | Create | Militia |
| 21:04 | Build | Watch Tower |
| 21:13 | Build | House |
| 21:47 | Create | Skirmisher |
| 21:47 | Create | Skirmisher |
| 22:02 | Research | Fletching |
Build order — Scop
88 actions detected in the replay
| 0:01 | Create | Villager (Male) |
| 0:01 | Create | Villager (Male) |
| 0:03 | Build | House |
| 0:04 | Build | House |
| 0:16 | Create | Villager (Male) |
| 0:17 | Create | Villager (Male) |
| 1:33 | Create | Villager (Male) |
| 1:33 | Create | Villager (Male) |
| 1:59 | Build | Lumber Camp |
| 2:11 | Create | Villager (Male) |
| 2:19 | Research | Loom |
| 2:51 | Create | Villager (Male) |
| 3:55 | Create | Villager (Male) |
| 3:56 | Create | Villager (Male) |
| 4:39 | Create | Villager (Male) |
| 5:23 | Create | Villager (Male) |
| 5:28 | Build | House |
| 5:31 | Create | Villager (Male) |
| 5:31 | Create | Villager (Male) |
| 6:28 | Create | Villager (Male) |
| 6:29 | Create | Villager (Male) |
| 7:26 | Create | Villager (Male) |
| 7:27 | Create | Villager (Male) |
| 8:03 | Build | Mining Camp |
| 8:09 | Create | Villager (Male) |
| 8:54 | Create | Villager (Male) |
| 9:22 | Research | Feudal Age |
| 10:35 | Build | Barracks |
| 11:14 | Create | Villager (Male) |
| 11:14 | Create | Villager (Male) |
| 11:18 | Build | House |
| 11:25 | Create | Villager (Male) |
| 11:30 | Build | House |
| 11:32 | Age | Feudal Age |
| 11:47 | Build | Archery Range |
| 11:54 | Build | Stone Wall |
| 12:06 | Build | Archery Range |
| 12:28 | Build | House |
| 12:33 | Build | Blacksmith |
| 12:41 | Create | Villager (Male) |
| 12:42 | Create | Villager (Male) |
| 13:06 | Build | Mill |
| 13:11 | Create | Villager (Male) |
| 13:13 | Create | Villager (Male) |
| 13:27 | Create | Villager (Male) |
| 13:29 | Build | House |
| 13:34 | Create | Archer |
| 13:35 | Create | Archer |
| 13:35 | Create | Archer |
| 13:57 | Create | Archer |
| 13:58 | Create | Archer |
| 13:58 | Create | Archer |
| 14:19 | Research | Fletching |
| 14:54 | Create | Archer |
| 14:54 | Create | Archer |
| 14:54 | Create | Archer |
| 14:54 | Create | Archer |
| 15:15 | Create | Archer |
| 15:15 | Create | Archer |
| 15:17 | Create | Villager (Male) |
| 15:17 | Create | Villager (Male) |
| 15:17 | Create | Villager (Male) |
| 15:36 | Build | Farm |
| 15:36 | Build | Farm |
| 15:52 | Build | Farm |
| 15:52 | Build | Farm |
| 16:03 | Build | Farm |
| 16:03 | Build | Farm |
| 16:09 | Build | Farm |
| 16:11 | Build | Farm |
| 16:50 | Create | Villager (Male) |
| 16:54 | Build | Farm |
| 17:01 | Research | Horse Collar |
| 17:30 | Build | Farm |
| 18:27 | Build | Stone Wall |
| 19:16 | Build | Market |
| 19:39 | Research | Castle Age |
| 19:43 | Create | Villager (Male) |
| 20:25 | Research | Double-Bit Axe |
| 20:58 | Create | Archer |
| 20:59 | Create | Archer |
| 20:59 | Create | Archer |
| 20:59 | Create | Archer |
| 21:00 | Create | Archer |
| 21:01 | Create | Archer |
| 21:23 | Build | Mining Camp |
| 22:19 | Age | Castle Age |
| 22:21 | Research | Crossbowman (upgrade) |
Match timeline
| 1:14 | ELBIO · wall_segment Palisade Wall x6 |
| 6:19 | loputogelote · wall_segment Palisade Wall x15 |
| 6:55 | loputogelote · wall_segment Palisade Wall x10 |
| 8:08 | loputogelote · wall_segment Palisade Wall x10 |
| 9:41 | FPP · first_building Barracks |
| 10:35 | Scop · first_building Barracks |
| 10:44 | FPP · age_up feudal |
| 11:13 | FPP · wall_segment Palisade Wall x1 |
| 11:25 | ELBIO · age_up feudal |
| 11:32 | Scop · age_up feudal |
| 11:47 | Scop · first_building Archery Range |
| 11:54 | Scop · wall_segment Stone Wall x5 |
| 12:16 | loputogelote · age_up feudal |
| 12:46 | ELBIO · first_market_buy 100 food |
| 13:22 | loputogelote · wall_segment Stone Wall x8 |
| 14:17 | ELBIO · first_market_sell 100 food |
| 15:53 | loputogelote · age_up castle |
| 16:26 | loputogelote · first_building Castle |
| 16:58 | ELBIO · age_up castle |
| 17:06 | loputogelote · wall_segment Palisade Wall x1 |
| 17:28 | ELBIO · first_building Castle |
| 18:27 | Scop · wall_segment Stone Wall x10 |
| 19:46 | FPP · first_building Archery Range |
| 19:57 | ELBIO · first_building Siege Workshop |
| 20:32 | loputogelote · first_market_sell 100 wood |
| 20:51 | loputogelote · first_market_buy 100 food |
| 22:19 | Scop · age_up castle |
| 22:23 | FPP · resign |
[ AI ANALYSIS · 1 CREDIT ]
What really happened in this match?
Wolo.gg analyzes every decision: build order, eco, micro, common mistakes by bracket. Personalized analysis on WhatsApp or Discord in 30 seconds.
Civ guide
Mongols
Map guide
Black Forest
Perfil
loputogelote